 Dungeon Crawl Stone Soup version 0.30-a0-1161-g0704695555 (webtiles) character file.

Game seed: 13968688902821206811

291237 Chudface the Spry (level 19, -8/91 HPs)
             Began as a Felid Summoner on Apr 25, 2023.
             Was an Initiate of Gozag.
             Mangled by an eldritch tentacle (20 damage)
             ... called by the player character
             ... on level 1 of the Depths on Apr 27, 2023.
             The game lasted 08:19:52 (54982 turns).

Chudface the Spry (Felid Summoner)                 Turns: 54982, Time: 08:19:53

Health: -8/91      AC:  3    Str: 17    XL:     19   Next: 95%
Magic:  18/38      EV: 29    Int: 26    God:    Gozag
Gold:   5703       SH:  0    Dex: 16    Spells: 0/46 levels left
                                        Lives:  0   Deaths: 3

rFire   + .          .
                       - Unarmed
rCold   . . .        (shield unavailable)
rNeg    . . .        (body armour unavailable)
rPois   .            (helmet unavailable)
rElec   .            (cloak unavailable)
rCorr   .            (gloves unavailable)
SInv    +            (boots unavailable)
Will    +++..        o - amulet "Usun" {RegenMP Drain Str+7}
Stlth   +++          T - +6 ring of strength
HPRegen 0.35/turn    Z - ring of protection from fire
MPRegen 0.66/turn

%: no passive effects
@: quick
A: very small, claws 1, fangs 3, see invisible, speed 1, shaggy fur 3, stealthy
paws, no weapons or thrown items, no armour, multi-lived, dopey 1, strong-willed
1, cold vulnerability 1, MP-powered wands
}: 2/15 runes: barnacled, gossamer
a: Renounce Religion, Potion Petition, Call Merchant, Bribe Branch


You were on level 1 of the Depths.
You worshipped Gozag.
Gozag was greatly pleased with you.
You visited 9 branches of the dungeon, and saw 41 of its levels.
You visited 1 bazaar.
You also visited: Ice Cave.

You collected 18770 gold pieces.
You spent 5701 gold pieces at shops.
You paid 7366 gold pieces to Gozag.

Inventory:

Jewellery
 o - the amulet "Usun" (around neck) {RegenMP Drain Str+7}
   (You bought it in a shop in a bazaar)

   [amulet of magic regeneration]

   It increases your rate of magic regeneration.
   Str:       It affects your strength (+7).
   Drain:     It drains your maximum health when unequipped.
 r - a ring of protection from cold
 u - a ring of fire
 y - a ring of flight
 B - an amulet of reflection
 F - the ring of the Pariah {Ice Int+4}
   (You found it on level 6 of the Dungeon)

   [ring of ice]

   It enhances your ice magic.
   Int:       It affects your intelligence (+4).
   rF:        It makes you vulnerable to fire.
   rC:        It protects you from cold.
 M - a ring of positive energy
 O - a ring of magical power
 P - a +5 ring of evasion
 T - a +6 ring of strength (left paw)
 U - a ring of willpower
 V - a ring of resist corrosion
 W - a ring of protection from cold
 Z - a ring of protection from fire (right paw)
Wands
 e - a wand of roots (17)
 s - a wand of digging (12)
 G - a wand of paralysis (19)
 L - a wand of acid (20)
Scrolls
 b - 4 scrolls of vulnerability
 g - 4 scrolls of immolation
 k - 14 scrolls of teleportation
 p - 8 scrolls of poison
 t - 13 scrolls of fog
 v - 3 scrolls of silence
 x - 7 scrolls of magic mapping
 A - a scroll of butterflies
 C - 2 scrolls of torment
 H - a scroll of amnesia
 I - 4 scrolls of noise
 N - a scroll of blinking
Potions
 a - 4 potions of magic
 c - 8 potions of attraction
 d - 11 potions of haste
 f - 6 potions of heal wounds
 h - 4 potions of brilliance
 i - 14 potions of curing
 j - 3 potions of resistance
 l - 8 potions of flight
 m - 11 potions of might
 q - 15 potions of mutation
 w - a potion of invisibility
 z - 8 potions of ambrosia
 D - 8 potions of lignification
 E - 3 potions of cancellation
 R - 6 potions of berserk rage
Miscellaneous
 J - a condenser vane (inert)
 K - a box of beasts
 Q - a piece from Xom's chessboard (15/15)
 S - a phantom mirror
 X - a lightning rod (4/4)
 Y - a phial of floods


   Skills:
 - Level 14.1 Fighting
 - Level 18.0 Dodging
 - Level 5.0 Stealth
 - Level 11.2 Unarmed Combat
 - Level 14.0 Spellcasting
 - Level 5.0 Hexes
 + Level 17.8 Summonings
 - Level 18.0 Translocations
 - Level 18.0 Transmutations
 - Level 13.0 Air Magic
 - Level 8.0 Earth Magic
 - Level 4.0 Evocations


You couldn't memorise any spells.
You knew the following spells:

 Your Spells              Type           Power      Damage    Failure   Level
a - Summon Small Mammal   Summ           100%       N/A       0%          1
b - Summon Forest         Summ/Tloc      42%        N/A       1%          5
c - Manifold Assault      Tloc           84%        N/A       1%          4
d - Summon Guardian Gole  Hex/Summ       67%        N/A       1%          3
e - Summon Lightning Spi  Summ/Air       78%        N/A       1%          4
f - Storm Form            Tmut/Air       39%        N/A       4%          7
g - Wereblood             Tmut           84%        N/A       0%          2
h - Blink                 Tloc           100%       N/A       0%          2
i - Statue Form           Tmut/Erth      48%        N/A       2%          6
j - Malign Gateway        Summ/Tloc      42%        N/A       1%          7
k - Passage of Golubria   Tloc           84%        N/A       1%          4
l - Swiftness             Air            72%        N/A       1%          3

Your spell library contained the following spells:

 Spells                   Type           Power      Damage    Failure   Level
 Beastly Appendage        Tmut           100%       N/A       0%          1
 Call Imp                 Summ           100%       N/A       0%          2
 Lesser Beckoning         Tloc           100%       N/A       0%          2
 Call Canine Familiar     Summ           84%        N/A       0%          3
 Gell's Gravitas          Tloc           84%        N/A       0%          3
 Teleport Other           Tloc           84%        N/A       0%          3
 Sandblast                Erth           100%       2d20      1%          1
 Ensorcelled Hibernation  Hex/Ice        62%        N/A       1%          2
 Momentum Strike          Conj/Tloc      100%       3d10      1%          2
 Passwall                 Tmut/Erth      60%        N/A       1%          2
 Mephitic Cloud           Conj/Pois/Air  40%        N/A       1%          3
 Spider Form              Tmut/Pois      60%        N/A       1%          3
 Stone Arrow              Conj/Erth      78%        3d11      1%          3
 Tukima's Dance           Hex            44%        N/A       1%          3
 Volatile Blastmotes      Fire/Tloc      100%       2d18      1%          3
 Iskenderun's Mystic Bla  Conj/Tloc      60%        2d13      1%          4
 Petrify                  Tmut/Erth      72%        N/A       1%          4
 Summon Ice Beast         Ice/Summ       59%        N/A       1%          4
 Blade Hands              Tmut           42%        N/A       1%          5
 Irradiate                Conj/Tmut      30%        3d21      1%          5
 Silence                  Hex/Air        30%        N/A       1%          5
 Summon Mana Viper        Hex/Summ       67%        N/A       1%          5
 Yara's Violent Unravell  Hex/Tmut       33%        3d14      1%          5
 Dispersal                Tloc           42%        N/A       1%          6
 Dragon Form              Tmut           42%        N/A       1%          7
 Summon Hydra             Summ           42%        N/A       1%          7
 Foxfire                  Conj/Fire      72%        2x1d7     3%          1
 Magic Dart               Conj           72%        1d6       3%          1
 Dazzling Flash           Conj/Hex       62%        N/A       3%          3
 Inner Flame              Hex/Fire       31%        N/A       3%          3
 Cause Fear               Hex            22%        N/A       3%          4
 Searing Ray              Conj           36%        2d5       4%          2
 Sublimation of Blood     Necr           18%        N/A       4%          2
 Anguish                  Hex/Necr       15%        N/A       11%         4
 Fulminant Prism          Conj/Hex       15%        3d11      11%         4
 Disjunction              Tloc           42%        N/A       12%         8
 Summon Horrible Things   Summ           42%        N/A       14%         8
 Borgnjor's Vile Clutch   Necr/Erth      19%        N/A       16%         5
 Flame Wave               Conj/Fire      18%        2d7       30%         4
 Sticky Flame             Conj/Fire      18%        2d4       30%         4
 Metabolic Englaciation   Hex/Ice        15%        N/A       30%         5
 Plasma Beam              Fire/Air       25%        2x1d41    32%         6
 Haunt                    Necr/Summ      29%        N/A       56%         7
 Spellforged Servitor     Conj/Summ      29%        N/A       56%         7
 Agony                    Necr           18%        N/A       63%         5
 Fireball                 Conj/Fire      9%         3d6       63%         5
 Iskenderun's Battlesphe  Conj           18%        2d7       63%         5
 Iron Shot                Conj/Erth      19%        9d4       65%         6
 Maxwell's Capacitive Co  Air            36%        ∞         67%         8
 Dragon's Call            Summ           42%        N/A       91%         9
 Enfeeble                 Hex            22%        N/A       97%         7
 Death Channel            Necr           9%         N/A       99%         6
 Starburst                Conj/Fire      9%         6d5       99%         6
 Infestation              Necr           9%         N/A       100%        8
 Portal Projectile        Hex/Tloc       Unusable   N/A       N/A         3
 Animate Dead             Necr           Unusable   N/A       N/A         4

Dungeon Overview and Level Annotations

Branches:
Dungeon (15/15)            Temple (1/1) D:6            Lair (5/5) D:8
 Shoals (4/4) Lair:2       Spider (4/4) Lair:2        Slime (0/5) Lair:5
    Orc (2/2) D:10            Elf (3/3) Orc:2        Vaults (4/5) D:13
  Crypt (0/3) Vaults:2     Depths (3/4) D:15          IceCv (visited)

Altars:
Ashenzari
Cheibriados
Dithmenos
Elyvilon
Fedhas
Gozag
Hepliaklqana
Kikubaaqudgha
Makhleb
Nemelex Xobeh
Okawaru
Qazlal
Ru
Sif Muna
Trog
Uskayaw
Vehumet
Wu Jian
Xom
Yredelemnul
Zin
The Shining One

Shops:
D:11 (   D:15 (   Orc:1 :   Orc:2 ([*:([*   Elf:1 ??*   Elf:2 *   Elf:3 (([?
Lair:2 :   Lair:3 :   Lair:5 :   Shoals:3 :   Shoals:4 [?[   Spider:4 :

Portals:
Hell: Depths:1 Depths:2
Abyss: Depths:1
Pandemonium: Depths:1 Depths:2
Trove: Vaults:3 (give 2 scrolls of acquirement)

Annotations:
D:4 exclusion: downstairs
D:7 exclusion: 2 downstairs
D:8 exclusion: ice statue
D:13 2 transporters, exclusion: downstairs, Wosoask's ghost, journeyman KoHu
Lair:1 exclusion: downstairs
Lair:3 exclusion: downstairs
Lair:4 exclusion: downstairs
Shoals:1 exclusion: downstairs
Shoals:4 6 transporters
Spider:3 exclusion: downstairs
Elf:1 exclusion: downstairs
Elf:2 2 transporters, 3 runed translucent doors, exclusion: downstairs, Foashama's ghost, adept DsWr
Vaults:2 exclusion: downstairs
Vaults:3 exclusion: 2 downstairs
Vaults:4 exclusion: 4 downstairs
Depths:1 exclusion: downstairs, Sojobo


Innate Abilities, Weirdness & Mutations

You have sharp claws.
You have razor-sharp teeth.
You have supernaturally acute eyesight. (SInv)
You cover ground quickly. (Speed+)
Your thick and shaggy fur keeps you warm. (AC +3, rC+)
Your paws help you pounce on unaware monsters.
You are incapable of wielding weapons or throwing items.
You cannot wear armour.
You gain extra lives every three experience levels.
You are dopey. (Int -2)
You are strong-willed. (Will+)
You are vulnerable to cold. (rC-)
You expend magic power (3 MP) to strengthen your wands.


Message History

The air twists around and strikes you.
There is a stone staircase leading up here.
Press: ? - help, v - describe, . - travel, g - get item
Here: Sojobo, wielding a +0 great sword of electrocution and wearing a +3 scale mail of positive energy (repelling missiles) Item here: 22 gold pieces.
The floor, spattered with blood.
Casting: Manifold Assault (safe; 1% risk of failure)
Confirm with . or Enter, or press ? or * to list all spells.
An electric hum fills the air.
Casting: Summon Lightning Spire (safe; 1% risk of failure)
Confirm with . or Enter, or press ? or * to list all spells.
Space momentarily warps into an impossible shape!
You miss Sojobo.
Casting: Manifold Assault (safe; 1% risk of failure)
Confirm with . or Enter, or press ? or * to list all spells.
Space momentarily warps into an impossible shape!
You miss Sojobo.
Your lightning spire shoots out a bolt of lightning at Sojobo!
The bolt of electricity hits Sojobo!
Press: ? - help, v - describe, . - travel, g - get item
Here: Sojobo, wielding a +0 great sword of electrocution and wearing a +3 scale mail of positive energy (lightly wounded, repelling missiles, ally target) Item here: 15 gold pieces.
The floor, spattered with blood.
Your transformation has ended.
Sojobo hits you with a +0 great sword of electrocution!!
Sojobo misses you. Sojobo claws you!
You climb upwards.
Level annotation: exclusion: downstairs Your eldritch tentacle suddenly becomes enraged!
There is a stone staircase leading down here.
Casting: Manifold Assault (safe; 1% risk of failure)
Confirm with . or Enter, or press ? or * to list all spells.
You blink.
The eldritch tentacle slaps you.
The eldritch tentacle closely misses you.
Sojobo gestures wildly while chanting.
The eldritch tentacle misses you. The eldritch tentacle claws you!!!
* * * LOW HITPOINT WARNING * * *
The eldritch tentacle shocks you!!
You die...
Your body crumbles into a pile of gold.

### #### ####.## ##..#
#..#..## ##...# # #...~..#
#....# # ##.~..##
♣######..### # ##...##
##...##...#.## #
##....####............####
#.....#.#.......#......#.#
##....E.E@......#.....##..
#.>..Q..w─.....##........
###E§.....\[...#.........
###.......\.........##..
♣..##......*.....~~..#..
#.....#.........~~~.###.
#.....#..........~~.###.
####.##.................
##.#..#..................


You could see Sojobo (repels missiles), an eldritch tentacle and 3 air
elementals.

Vanquished Creatures
  A tentacled monstrosity (Depths:2)
  A frost giant (Depths:2)
  2 vault wardens
  A fire giant (Depths:3)
  A ghost moth (Spider:2)
  2 deep elf sorcerers
  2 deep elf elementalists
  4 very ugly things
  5 ironbound preservers
  An orc warlord (Orc:2)
  A stone giant (Depths:2)
  3 ironbound thunderhulks
  A deep elf demonologist (Elf:1)
  A deep elf annihilator (Elf:3)
  A merfolk impaler (Shoals:3)
  A deep elf death mage (Vaults:4)
  A fire dragon (Depths:1)
  4 yaktaur captains
  2 vault guards (Vaults:1)
  A radroach (Spider:4)
  2 peacekeepers (Vaults:4)
  2 centaur warriors
  3 boulder beetles
  A death scarab (Spider:3)
  3 dancing weapons
  3 deep troll shamans
  An orc high priest (Orc:2)
  A deep troll earth mage (Depths:2)
  A vampire mage (Depths:2)
  A deep elf knight (Orc:2)
  2 soul eaters
  3 pharaoh ants
  2 skysharks
  A spark wasp zombie (Depths:1)
  3 sea snakes
  15 deep trolls
  A deep elf archer (Elf:2)
  An orb spider (Spider:3)
  2 ironbound convokers (Vaults:1)
  A lindwurm (Vaults:3)
  2 steelbarb worms
  8 harpies
  An orc knight (Orc:1)
  2 wolf spiders
  A fire giant zombie (Depths:1)
  A necromancer (Depths:1)
  11 deep elf zephyrmancers
  5 deep elf pyromancers
  3 ugly things
  2 manticores (Shoals:4)
  A moth of wrath (Spider:3)
  2 merfolk sirens
  2 demonic crawlers
  2 rust devils
  A smoke demon (Depths:1)
  A water nymph (Shoals:2)
  2 vault sentinels
  2 cane toads (Lair:1)
  A kobold demonologist (Depths:1)
  A hellion (Depths:2)
  A yaktaur zombie (Vaults:2)
  2 yaktaurs (Vaults:1)
  A freezing wraith (D:15)
  An ice devil (Depths:2)
  A golden dragon simulacrum (Depths:1)
  A troll (Orc:2)
  5 merfolk
  A hellwing (Depths:2)
  3 wind drakes
  7 tarantellas
  A snapping turtle (Shoals:3)
  2 blink frogs (Lair:3)
  6 slime creatures
  3 air elementals
  3 culicivoras
  A yak (D:9)
  7 jumping spiders
  4 water elementals
  A fire bat (Elf:2)
  A ynoxinul (Depths:2)
  A vampire mosquito (Spider:4)
  16 redbacks
  A fire elemental (Elf:2)
  A basilisk (Lair:5)
  A chaos spawn (Depths:2)
  3 orc warriors (Orc:1)
  A wolf (Lair:2)
  A boggart (Vaults:3)
  A phantom (D:7)
  2 kobold brigands (Depths:1)
  3 bullfrogs
  An earth elemental (Elf:1)
  A wight (D:8)
  A troll zombie (D:10)
  A killer bee (D:8)
  An electric eel (Lair:2)
  2 howler monkeys (D:10)
  A human simulacrum (Vaults:2)
  An orc priest (Orc:2)
  An iguana (D:7)
  6 orc wizards
  2 ufetubi (D:4)
  11 orcs
  2 giant cockroaches
  A hobgoblin (D:4)
  A quokka (D:1)
  3 ball pythons
  2 bats
  A goblin zombie (D:10)
  2 kobolds
  An orc skeleton (D:10)
  6 rats
267 creatures vanquished.

Vanquished Creatures (collateral kills)
  Bai Suzhen (Elf:3)
  Arachne (Spider:3)
  Jorgrun (D:13)
  A lich (Depths:1)
  2 deep elf master archers (Elf:3)
  3 deep elf blademasters (Elf:3)
  A sphinx (Vaults:1)
  Polyphemus (Shoals:2)
  Kirke (D:14)
  Agnes (D:14)
  3 tengu reavers
  5 emperor scorpions
  2 fire giants (Depths:2)
  8 deep elf sorcerers (Elf:3)
  Aizul (Spider:4)
  2 ghost moths
  7 vault wardens
  An orc warlord (Orc:2)
  2 deep elf elementalists (Elf:3)
  A spriggan defender (Depths:1)
  A war gargoyle (Vaults:4)
  9 very ugly things
  19 ironbound preservers
  4 ironbound thunderhulks
  2 stone giants
  A vampire knight (Vaults:2)
  3 deep elf demonologists (Elf:3)
  Nessos (Lair:4)
  A spark wasp (Spider:2)
  5 dire elephants
  7 deep elf annihilators (Elf:3)
  5 deep elf death magi
  A green death (Depths:1)
  6 yaktaur captains (Vaults:3)
  7 merfolk impalers (Shoals:4)
  2 fire dragons
  4 merfolk javelineers
  8 deep elf high priests
  7 entropy weavers
  Fannar (Orc:1)
  9 great orbs of eyes
  2 ice dragons
  4 hydras
  7 vault guards
  7 radroaches
  2 spriggan air magi (Depths:1)
  The ghost of rinse the Covert, a journeyman VSEn of Fedhas (Lair:1)
  A death knight (Vaults:2)
  6 catoblepae
  An ogre mage (Vaults:4)
  15 centaur warriors
  A deep troll shaman (Depths:1)
  A merfolk aquamancer (Shoals:4)
  4 boulder beetles
  A merfolk avatar (Shoals:3)
  4 two-headed ogres
  7 ironbound frosthearts
  3 tengu warriors (D:14)
  An alligator snapping turtle (Shoals:2)
  8 death yaks
  2 deep troll earth magi (Depths:1)
  A vampire mage (Vaults:2)
  18 dancing weapons
  9 deep elf knights
  A soul eater (Depths:2)
  An iron troll (Depths:1)
  6 pharaoh ants
  2 skeletal warriors (D:15)
  4 sun moths
  A skyshark (Shoals:2)
  5 sea snakes
  An orange crystal statue (Elf:1)
  A flayed ghost (Depths:2)
  6 orb spiders
  6 lindwurms
  A swamp dragon (Lair:5)
  4 orc knights
  32 deep trolls
  10 wizards
  A phantasmal warrior (Vaults:4)
  14 steelbarb worms
  8 deep elf archers
  15 ironbound convokers
  22 deep elf pyromancers
  3 necromancers
  19 deep elf zephyrmancers
  22 ugly things
  A faun (shapeshifter) (Vaults:2)
  12 wolf spiders
  4 cyclopes
  4 harpies
  A tengu skeleton (Depths:1)
  4 orc sorcerers
  2 glowing shapeshifters (Spider:4)
  11 manticores
  2 moths of wrath (Spider:3)
  A centaur zombie (D:15)
  16 elephants
  6 water nymphs
  9 demonic crawlers
  12 cane toads
  14 vault sentinels
  2 black mambas
  8 torpor snails
  6 merfolk sirens
  A smoke demon (Depths:1)
  7 komodo dragons
  2 unseen horrors
  A kobold demonologist (D:11)
  4 nameless horrors
  16 yaktaurs
  A rime drake (Lair:2)
  2 efreet
  A red devil (Depths:2)
  7 polar bears
  16 merfolk
  4 wind drakes
  11 trolls
  2 meliai (Spider:4)
  A meliai (shapeshifter) (Shoals:2)
  A hornet (shapeshifter) (D:15)
  27 tarantellas
  15 blink frogs
  2 dream sheep (Lair:5)
  15 slime creatures
  14 culicivoras
  2 meliai zombies (D:15)
  3 shadows
  17 jumping spiders
  4 snapping turtles
  A vampire (D:13)
  24 yaks
  A spriggan (Depths:2)
  3 wraiths
  3 wyverns
  3 fire elementals
  4 hogs (D:14)
  7 water elementals
  2 fire bats (Elf:2)
  2 steam dragons
  A basilisk (shapeshifter) (Spider:3)
  9 vampire mosquitoes
  6 basilisks
  40 redbacks
  An elf skeleton (Vaults:2)
  8 wargs
  3 acid dragons
  A swamp worm (shapeshifter) (Vaults:2)
  12 water moccasins
  25 orc warriors
  4 swamp drakes (Lair:5)
  4 black bears (Lair:2)
  2 boggarts (Vaults:3)
  6 ogres
  17 wolves
  13 centaurs
  3 phantoms
  5 kobold brigands
  10 bullfrogs
  A scorpion (D:7)
  An earth elemental (Elf:1)
  3 wights (D:8)
  3 troll zombies (D:10)
  3 killer bees (D:8)
  A lava snake (Elf:2)
  3 jellies
  9 orc priests
  A hound (D:6)
  A gnoll bouda (Orc:1)
  2 sleepcaps
  Jessica (D:3)
  12 iguanas
  24 orc wizards
  4 ogre zombies (D:10)
  The ghost of petzl the Sneak, a weakling FoDe (D:6)
  A boggart simulacrum (D:15)
  A mummy (D:6)
  17 gnolls
  7 adders
  4 shadow imps
  4 white imps
  4 ufetubi (D:4)
  2 worms (D:2)
  2 dart slugs (D:3)
  60 orcs
  7 endoplasms
  A giant cockroach (D:1)
  5 goblins
  8 hobgoblins
  26 kobolds
  3 ball pythons
  A bat (D:2)
  4 frilled lizards
  5 goblin skeletons (D:10)
  2 goblin zombies (D:10)
  4 hobgoblin zombies (D:10)
  A kobold zombie (D:6)
  4 orc skeletons (D:10)
  9 orc zombies
  2 rats (D:3)
  5 tentacles (Shoals:2)
1209 creatures vanquished.

Vanquished Creatures (others)
  Nikola (Shoals:3)
  5 krakens (Shoals:2)
  156 eldritch tentacles
  Frances (D:14)
  Ilsuiw (Shoals:2)
  A deep elf annihilator (Elf:3)
  A merfolk impaler (Shoals:2)
  Snorg (D:13)
  An ettin (Orc:2)
  A great orb of eyes (Vaults:4)
  An entropy weaver (Spider:1)
  A hydra (Lair:1)
  A radroach (Spider:3)
  2 boulder beetles
  2 centaur warriors
  3 death yaks
  A deep troll earth mage (Depths:2)
  A death knight (D:15)
  A satyr (Shoals:3)
  2 orc high priests
  A tengu warrior (D:14)
  3 skeletal warriors (D:15)
  8 deep trolls
  A deep elf archer (Elf:2)
  An orb spider (Spider:2)
  2 spriggan simulacra (IceCv)
  A wizard (Vaults:4)
  Pikel (D:6)
  2 ugly things
  3 deep elf pyromancers
  2 deep elf zephyrmancers (Elf:2)
  2 orc knights
  2 orc sorcerers (Orc:2)
  An oklob plant (Lair:3)
  3 manticores
  2 elephants
  A naga mage (D:15)
  4 cane toads
  A gargoyle (D:11)
  4 komodo dragons
  A tengu conjurer (D:14)
  5 merfolk
  A hornet (Depths:2)
  Grinder (D:6)
  A snapping turtle (Shoals:2)
  2 jumping spiders
  2 culicivoras
  8 yaks
  5 slime creatures
  2 wyverns
  A basilisk (D:8)
  A steam dragon (D:8)
  2 redbacks
  A vampire mosquito (D:13)
  2 dancing weapons
  A harpy simulacrum (IceCv)
  4 water moccasins
  9 orc warriors
  An ice beast (D:5)
  A black bear (D:6)
  12 wolves (Lair:2)
  An ogre (Orc:1)
  2 centaurs
  A gnoll sergeant (D:8)
  3 wights (D:8)
  A killer bee (D:8)
  A jelly (D:8)
  A gnoll bouda (D:5)
  2 orc wizards
  2 gnolls
  4 orcs
  2 hobgoblin zombies (D:6)
  A kobold (D:9)
  A bush (Lair:5)
  39 fungi
  114 plants
  32 snaplasher vines
  72 tentacles (Shoals:2)
571 creatures vanquished.

Grand Total: 2047 creatures vanquished

Notes
Turn   | Place    | Note
-------+----------+-------------------------------------------
     0 | D:1      | Chudface the Felid Summoner began the quest for the Orb.
     0 | D:1      | Reached XP level 1. HP: 7/7 MP: 4/4
   216 | D:1      | Reached XP level 2. HP: 8/11 MP: 4/6
   228 | D:1      | Learned a level 2 spell: Call Imp
   440 | D:1      | You fall into a shaft and drop 1 floor!
   653 | D:2      | Reached XP level 3. HP: 9/14 MP: 6/8
   888 | D:2      | Learned a level 3 spell: Call Canine Familiar
  1139 | D:3      | Found a shimmering blue altar of Sif Muna.
  1139 | D:3      | Found a hide-covered altar of Uskayaw.
  1408 | D:3      | Noticed Jessica
  1417 | D:3      | Killed Jessica
  1418 | D:3      | Reached XP level 4. HP: 18/18 MP: 0/9
  1422 | D:3      | Learned a level 3 spell: Summon Guardian Golem
  1531 | D:3      | Reached skill level 5 in Summonings
  1899 | D:4      | Reached skill level 1 in Hexes
  2282 | D:4      | Reached XP level 5. HP: 15/21 MP: 5/11
  2299 | D:4      | Reached skill level 1 in Fighting
  2375 | D:5      | Entered Level 5 of the Dungeon
  2375 | D:5      | Noticed a water moccasin
  2426 | D:5      | Noticed an ice beast
  2708 | D:4      | Found a bloodstained altar of Trog.
  3006 | D:5      | Killed a water moccasin
  3007 | D:5      | Gained mutation: You are covered in thick fur. (AC +2)
                  | [Felid growth]
  3007 | D:5      | Reached XP level 6. HP: 20/26 MP: 5/12
  3535 | D:5      | Reached XP level 7. HP: 30/30 MP: 6/14
  3545 | D:5      | Learned a level 4 spell: Summon Lightning Spire
  3796 | D:5      | Reached skill level 1 in Air Magic
  4145 | D:6      | Reached skill level 5 in Dodging
  4335 | D:6      | Noticed Grinder
  4378 | D:6      | Killed Grinder
  4379 | D:6      | Reached skill level 5 in Hexes
  4379 | D:6      | Reached XP level 8. HP: 35/35 MP: 5/16
  4429 | D:7      | Found a broken altar of Ashenzari.
  4567 | D:6      | Noticed Pikel
  4585 | D:6      | Killed Pikel
  4586 | D:6      | Reached skill level 5 in Spellcasting
  4643 | D:6      | Identified the ring of the Pariah {Ice Int+4}
  4993 | D:6      | Reached XP level 9. HP: 39/39 MP: 12/18
  5010 | D:6      | Found a runed translucent door.
  5045 | D:6      | Noticed petzl's ghost (weakling FoDe)
  5105 | D:6      | Killed petzl's ghost
  5232 | D:6      | Found a staircase to the Ecumenical Temple.
  5241 | Temple   | Entered the Ecumenical Temple
  5356 | Temple   | Became a worshipper of Gozag Ym Sagoz the Greedy
  5512 | D:7      | Reached skill level 5 in Fighting
  5622 | D:7      | Found a hazy altar of Hepliaklqana.
  5622 | D:7      | Found an ancient bone altar of Kikubaaqudgha.
  6477 | D:8      | Found an ornate altar of the Wu Jian Council.
  6711 | D:8      | Noticed an ice statue
  7070 | D:8      | Found a staircase to the Lair.
  7073 | D:8      | Noticed a komodo dragon
  7096 | D:8      | Killed a komodo dragon
  7105 | Lair:1   | Entered Level 1 of the Lair of Beasts
  7105 | Lair:1   | Noticed a komodo dragon
  7107 | Lair:1   | Noticed a cane toad
  7115 | Lair:1   | Killed a komodo dragon
  7116 | Lair:1   | Reached XP level 10. HP: 45/45 MP: 1/20
  7118 | Lair:1   | Killed a cane toad
  7126 | Lair:1   | Noticed a cane toad
  7488 | D:8      | Reached skill level 5 in Air Magic
  7495 | D:8      | Noticed a deep elf pyromancer
  7711 | D:8      | Killed a deep elf pyromancer
  7837 | D:8      | Noticed an orc knight
  7853 | D:8      | Killed an orc knight
  8326 | D:8      | Noticed a catoblepas
  8455 | D:8      | Killed a cane toad
  8524 | Lair:2   | Noticed an elephant
  8535 | Lair:2   | Noticed an elephant
  8536 | Lair:2   | Noticed an elephant
  8537 | Lair:2   | Noticed an elephant
  8540 | Lair:2   | Noticed an elephant
  8542 | Lair:2   | Noticed an elephant
  8556 | Lair:1   | Killed an elephant
  8718 | Lair:1   | Noticed a cane toad
  8736 | Lair:1   | Killed a cane toad
  8756 | Lair:1   | Noticed a cane toad
  8765 | Lair:1   | Killed a cane toad
  8766 | Lair:1   | Reached XP level 11. HP: 50/50 MP: 14/23
  8912 | Lair:1   | Reached skill level 10 in Dodging
  9081 | Lair:1   | Found a runed translucent gate.
  9081 | Lair:1   | Found a runed translucent gate.
  9081 | Lair:1   | Found a runed translucent gate.
  9082 | Lair:1   | Noticed a 12-headed hydra
  9084 | Lair:1   | Noticed rinse's ghost (journeyman VSEn)
  9086 | Lair:1   | Noticed a ten-headed hydra
  9126 | Lair:1   | Killed a 12-headed hydra
  9343 | Lair:1   | Killed a ten-headed hydra
  9754 | Lair:1   | Bought a scroll of blinking for 82 gold pieces
  9754 | Lair:1   | Bought a scroll of blinking for 82 gold pieces
  9754 | Lair:1   | Bought a scroll of identify for 22 gold pieces
  9754 | Lair:1   | Bought a scroll of teleportation for 33 gold pieces
  9755 | Lair:1   | Bought a scroll of magic mapping for 82 gold pieces
  9755 | Lair:1   | Bought a scroll of fog for 44 gold pieces
  9755 | Lair:1   | Bought a scroll of fog for 44 gold pieces
  9755 | Lair:1   | Bought a scroll of fear for 44 gold pieces
  9755 | Lair:1   | Bought a scroll of immolation for 44 gold pieces
 10371 | Lair:2   | Noticed a harpy
 10372 | Lair:2   | Found a staircase to the Shoals.
 10372 | Lair:2   | Noticed a harpy
 10530 | Lair:2   | Reached skill level 10 in Summonings
 10557 | Lair:2   | Found a hole to the Spider Nest.
 10665 | Lair:2   | Killed a harpy
 10666 | Lair:2   | Gained mutation: Your thick and shaggy fur keeps you warm.
                  | (AC +3, rC+) [Felid growth]
 10666 | Lair:2   | Reached XP level 12. HP: 49/56 MP: 8/25
 10980 | Lair:2   | Learned a level 3 spell: Swiftness
 11231 | Lair:1   | Killed rinse's ghost
 11527 | Lair:3   | Reached skill level 10 in Fighting
 11653 | Lair:4   | Noticed Nessos
 11926 | Lair:3   | Reached skill level 10 in Spellcasting
 12090 | Lair:3   | Noticed a six-headed hydra
 12107 | Lair:3   | Killed a six-headed hydra
 12680 | Lair:4   | Killed Nessos
 12681 | Lair:4   | Reached XP level 13. HP: 63/63 MP: 16/28
 12760 | Lair:5   | Entered Level 5 of the Lair of Beasts
 13359 | Lair:5   | Reached skill level 15 in Dodging
 14627 | Lair:5   | Found a runed translucent door.
 14630 | Lair:5   | Found a staircase to the Slime Pits.
 14844 | Lair:5   | Reached skill level 1 in Transmutations
 15071 | Lair:5   | Noticed a dire elephant
 15637 | Lair:5   | Killed a dire elephant
 15645 | Lair:5   | Reached XP level 14. HP: 70/70 MP: 13/29
 15671 | Lair:5   | Learned a level 2 spell: Wereblood
 16144 | Lair:5   | Bought a book of the Dragon for 690 gold pieces
 16152 | Lair:5   | Learned a level 7 spell: Dragon Form
 16564 | D:8      | Reached skill level 5 in Transmutations
 16632 | D:8      | Got the Essays on the Evolving Geodesic
 16641 | D:8      | Learned a level 6 spell: Statue Form
 16811 | D:10     | Entered Level 10 of the Dungeon
 16964 | D:9      | Reached skill level 1 in Evocations
 16967 | D:9      | Reached skill level 1 in Earth Magic
 17313 | D:11     | Found Plog's Weapon Shop.
 17476 | D:10     | Found a staircase to the Orcish Mines.
 18317 | Orc:1    | Entered Level 1 of the Orcish Mines
 18444 | Orc:1    | You fall into a shaft and drop 1 floor!
 18444 | Orc:2    | Entered Level 2 of the Orcish Mines
 18444 | Orc:2    | Found Lefig's Weapon Boutique.
 18444 | Orc:2    | Found Unliblaj's Armour Shoppe.
 18445 | Orc:2    | Paralysed by an orc sorcerer for 5 turns
 18759 | Orc:1    | Noticed Fannar
 18798 | Orc:1    | Killed Fannar
 19127 | Orc:2    | Noticed an orc warlord
 19127 | Orc:2    | Found Veulil's Antique Weapon Emporium.
 19971 | D:13     | Noticed Snorg
 20723 | D:13     | Learned a level 3 spell: Tukima's Dance
 20893 | D:13     | Reached skill level 5 in Earth Magic
 20904 | D:13     | Found a hide-covered altar of Uskayaw.
 20920 | D:13     | Killed Snorg
 21045 | D:13     | Noticed Jorgrun
 22009 | Orc:2    | Found Nepsaof's Book Boutique.
 22017 | Orc:2    | Bought a Grand Grimoire for 476 gold pieces
 22116 | Orc:2    | Reached XP level 15. HP: 74/74 MP: 19/30
 22282 | Orc:2    | Found a staircase to the Elven Halls.
 22537 | Orc:2    | Reached skill level 10 in Transmutations
 22642 | Orc:2    | Learned a level 7 spell: Malign Gateway
 22648 | Orc:2    | Found Zafiegud's Antique Armour Shop.
 22724 | Orc:2    | Found Xeqisch's Assorted Antiques.
 22732 | Orc:2    | Bought a dented steel amulet for 130 gold pieces
 22732 | Orc:2    | Bought a scroll of identify for 52 gold pieces
 22758 | Orc:2    | Found Erygoahi's General Store.
 22821 | Orc:2    | Bought a scroll of poison for 44 gold pieces
 23123 | D:13     | Killed Jorgrun
 23374 | D:14     | Noticed Kirke
 23558 | D:13     | Found a gate to the Vaults.
 23905 | D:14     | Noticed Agnes
 23954 | D:13     | Found a transporter.
 23958 | D:13     | Found a transporter.
 23959 | D:13     | Noticed Wosoask's ghost (journeyman KoHu)
 24120 | D:15     | Entered Level 15 of the Dungeon
 24188 | D:14     | Reached skill level 1 in Translocations
 24396 | D:15     | Found Ekkaull's Weapon Shop.
 24446 | D:14     | Found a hazy altar of Hepliaklqana.
 24503 | D:14     | Noticed Frances
 24645 | D:15     | Found a staircase to the Depths.
 24759 | D:14     | Killed Agnes
 24978 | D:14     | Killed Kirke
 24979 | D:14     | Reached skill level 5 in Translocations
 26206 | D:14     | Killed Frances
 26666 | Shoals:1 | Entered Level 1 of the Shoals
 26684 | Shoals:1 | Reached XP level 16. HP: 78/78 MP: 31/31
 26813 | Lair:3   | Bought a book of the Warp for 672 gold pieces
 26902 | Shoals:2 | Noticed a kraken
 26902 | Shoals:2 | Noticed a kraken
 26902 | Shoals:2 | Noticed a kraken
 26902 | Shoals:2 | Noticed a kraken
 27618 | Spider:1 | Entered Level 1 of the Spider Nest
 27630 | Lair:2   | Reached skill level 10 in Translocations
 27997 | Shoals:2 | Noticed Ilsuiw
 28010 | Shoals:2 | Killed Ilsuiw
 28275 | Shoals:3 | Noticed Nikola
 28560 | Shoals:2 | Noticed Polyphemus
 28666 | Shoals:2 | Killed Polyphemus
 28758 | Shoals:2 | Killed from afar by a water nymph
 28759 | Shoals:2 | Reached XP level 15. HP: -18/74 MP: 16/30
 28760 | Shoals:2 | Reached XP level 16. HP: 78/78 MP: 31/31
 28901 | Shoals:2 | Killed a kraken
 29006 | Shoals:2 | Killed a kraken
 29026 | Shoals:2 | Killed a kraken
 29108 | Shoals:2 | Killed a kraken
 29259 | Shoals:2 | Noticed a kraken
 29303 | Shoals:2 | Killed a kraken
 30836 | Spider:2 | You fall into a shaft and drop 1 floor!
 30839 | Spider:3 | Found a frozen archway.
 30949 | Spider:3 | HP: 5/101 [radroach (26)]
 30952 | Spider:3 | Gained mutation: You occasionally lose the ability to drink
                  | potions when taking damage. [mutagenic glow]
 30960 | Spider:3 | Gained mutation: Potions are less effective at restoring
                  | your health. [mutagenic glow]
 30971 | Spider:3 | Gained mutation: You are dopey. (Int -2) [mutagenic glow]
 30997 | Spider:3 | Lost mutation: You occasionally lose the ability to drink
                  | potions when taking damage. [potion of mutation]
 30997 | Spider:3 | Lost mutation: Potions are less effective at restoring your
                  | health. [potion of mutation]
 30997 | Spider:3 | Gained mutation: Your system is resistant to poisons.
                  | (rPois) [potion of mutation]
 30997 | Spider:3 | Gained mutation: You expend magic power (3 MP) to
                  | strengthen your wands. [potion of mutation]
 30997 | Spider:3 | Lost mutation: Your system is resistant to poisons. (rPois)
                  | [potion of mutation]
 30997 | Spider:3 | Gained mutation: You are strong-willed. (Will+) [potion of
                  | mutation]
 31128 | Spider:3 | Reached skill level 15 in Translocations
 31273 | IceCv    | Entered an ice cave
 31299 | IceCv    | Reached XP level 17. HP: 31/82 MP: 13/32
 31650 | Spider:3 | Noticed Arachne
 31836 | Spider:3 | Killed Arachne
 32549 | Spider:1 | Reached skill level 15 in Summonings
 32556 | Spider:1 | Learned a level 4 spell: Passage of Golubria
 33620 | Spider:4 | Entered Level 4 of the Spider Nest
 34244 | Spider:4 | Noticed Aizul
 35111 | Spider:4 | Killed Aizul
 35986 | Spider:4 | Reached XP level 18. HP: 87/87 MP: 5/34
 36165 | Spider:4 | Got a gossamer rune of Zot
 36477 | Spider:4 | Bought a book of the Sky for 748 gold pieces
 36592 | Spider:2 | Reached skill level 1 in Unarmed Combat
 37406 | Shoals:3 | Found Adwyhe's Book Shop.
 37601 | Shoals:4 | Entered Level 4 of the Shoals
 37618 | Shoals:4 | Found a transporter.
 37618 | Shoals:4 | Found a transporter.
 37618 | Shoals:4 | Found a transporter.
 37808 | Shoals:3 | Killed Nikola
 37943 | Shoals:4 | Found a transporter.
 37944 | Shoals:4 | Found a transporter.
 37966 | Shoals:4 | Found a transporter.
 37972 | Shoals:4 | Found Touwunui's Magic Scroll Shop.
 38087 | Shoals:4 | Bought a scroll of fog for 64 gold pieces
 38087 | Shoals:4 | Bought a scroll of teleportation for 48 gold pieces
 38087 | Shoals:4 | Bought a scroll of teleportation for 48 gold pieces
 38087 | Shoals:4 | Bought a scroll of fog for 64 gold pieces
 38198 | Shoals:4 | Reached skill level 5 in Unarmed Combat
 38234 | Shoals:4 | Got a barnacled rune of Zot
 38426 | Shoals:4 | Found Oniheta's Armour Emporium.
 38554 | Shoals:4 | Found Kinn's Armour Shop.
 39049 | Shoals:4 | Identified the staff of poison "Cyiluy" {rPois rF+ rN+
                  | Stlth-}
 39498 | Elf:1    | Entered Level 1 of the Elven Halls
 39830 | Elf:1    | Found Keal's Magic Scroll Shop.
 39835 | Elf:1    | Found Quhonk's Magic Scroll Shop.
 39853 | Elf:1    | Bought a scroll of amnesia for 60 gold pieces
 39910 | Elf:1    | Bought a scroll of silence for 142 gold pieces
 39928 | Elf:1    | Got Xuemniut's Notes on the Familiar
 40072 | Elf:1    | Found a gateway to a bazaar.
 40265 | Elf:3    | Entered Level 3 of the Elven Halls
 40265 | Elf:3    | Found Soriont's Weapon Emporium.
 40619 | Elf:2    | Found a transporter.
 40627 | Elf:2    | Noticed Foashama's ghost (adept DsWr)
 40629 | Elf:2    | Found a transporter.
 40987 | Elf:1    | Found Calana's General Store.
 41064 | Elf:1    | Paralysed by an air elemental for 1 turns
 41413 | Elf:1    | Learned a level 5 spell: Summon Forest
 41755 | Elf:2    | Found Yhebb's Elven Fire.
 41781 | Elf:2    | Bought a ring of protection from fire for 325 gold pieces
 42246 | Elf:2    | Reached XP level 19. HP: 91/91 MP: 36/36
 42361 | Elf:2    | Found a runed translucent gate.
 42362 | Elf:2    | Found a runed translucent gate.
 42362 | Elf:2    | Found a runed translucent gate.
 42698 | Elf:3    | Upgraded the game from 0.30-a0-1160-g6e42c06551 to
                  | 0.30-a0-1161-g0704695555
 42744 | Elf:3    | Identified the +0 robe "Isist" {Dex+4}
 42828 | Elf:3    | Found Bidag's Magic Scroll Emporium.
 42831 | Elf:3    | Bought a scroll of fear for 64 gold pieces
 42849 | Elf:3    | Paralysed by an air elemental for 1 turns
 42857 | Elf:3    | Paralysed by an air elemental for 1 turns
 42866 | Elf:3    | Noticed Bai Suzhen
 42884 | Elf:3    | Killed Bai Suzhen
 42923 | Elf:3    | Found Riothuergh's Armour Emporium.
 42954 | Elf:3    | Found Pyeraf's Antique Weapon Shop.
 43079 | Elf:3    | Reached skill level 15 in Transmutations
 43195 | Elf:3    | Reached skill level 10 in Air Magic
 44479 | Elf:3    | Identified the +5 mace of Turoitta {spect, rN+ Dex+3}
 44917 | Elf:3    | Identified the +4 long sword of Watchfulness {venom, Drain
                  | Int+7}
 44992 | Elf:3    | Identified the +0 pair of boots of the Ten Hurling Lies
                  | {Fly Regen+ Int-5}
 45014 | Elf:3    | Learned a level 2 spell: Blink
 45015 | Elf:3    | Got Voixa Qaer's Almanac of Maleficia
 45297 | Elf:1    | Paralysed by an air elemental for 1 turns
 45304 | Elf:1    | Paralysed by an air elemental for 1 turns
 45310 | Elf:1    | Paralysed by an air elemental for 1 turns
 45315 | Elf:1    | Paralysed by an air elemental for 1 turns
 45410 | Bazaar   | Entered a bazaar
 45411 | Bazaar   | Found Yjahucun's Distillery.
 45419 | Bazaar   | Bought a potion of cancellation for 120 gold pieces
 45423 | Bazaar   | Found Hiuhomut's Antique Armour Boutique.
 45434 | Bazaar   | Found Socau's General Store.
 45435 | Bazaar   | Found Vuntiafo's Jewellery Shoppe.
 45453 | Bazaar   | Found Wereth's Antique Weapon Boutique.
 45472 | Bazaar   | Bought the amulet "Usun" {RegenMP Drain Str+7} for 507 gold
                  | pieces
 45502 | Bazaar   | Bought a scroll of teleportation for 24 gold pieces
 45524 | Bazaar   | Bought a potion of haste for 150 gold pieces
 45524 | Bazaar   | Bought a potion of might for 60 gold pieces
 45524 | Bazaar   | Bought a potion of curing for 45 gold pieces
 45524 | Bazaar   | Bought a potion of flight for 45 gold pieces
 45524 | Bazaar   | Bought a potion of mutation for 120 gold pieces
 45524 | Bazaar   | Bought a potion of mutation for 120 gold pieces
 45524 | Bazaar   | Bought a potion of berserk rage for 75 gold pieces
 45546 | Bazaar   | Bought a ring of protection from cold for 275 gold pieces
 45575 | Elf:1    | Bought a scroll of fog for 56 gold pieces
 45775 | Vaults:1 | Entered Level 1 of the Vaults
 46527 | Vaults:1 | Reached XP level 20. HP: 16/95 MP: 14/37
 46822 | Vaults:2 | Found a staircase to the Crypt.
 48087 | Vaults:2 | Identified the +7 lajatang of Sismu {freeze, Will+++ rCorr
                  | Int-5 Stlth+}
 48984 | Vaults:2 | Identified the +7 shortbow "Lufeo" {antimagic, rC+ Int+3
                  | Dex+3}
 49861 | Vaults:4 | Reached skill level 10 in Unarmed Combat
 50087 | Vaults:3 | Found a portal to a secret trove of treasure.
 50279 | Vaults:3 | Reached XP level 21. HP: 88/99 MP: 26/39
 50332 | Vaults:3 | Learned a level 7 spell: Storm Form
 50700 | Vaults:3 | Identified the +5 flail of Myaligiv {protect, rElec Dex+2}
 51375 | Vaults:4 | Learned a level 4 spell: Manifold Assault
 51731 | Vaults:4 | Identified the +4 broad axe of the Horn {flame, Dex+3
                  | Stlth+}
 51779 | Vaults:4 | Reached skill level 5 in Stealth
 52579 | Depths:1 | Entered Level 1 of the Depths
 53333 | Depths:1 | Found a one-way gate leading to the halls of Pandemonium.
 53402 | Depths:1 | Identified the +7 flail "Inwemuh" {spect, Dex+4}
 53481 | Depths:1 | Found a one-way gate to the infinite horrors of the Abyss.
 53691 | Depths:2 | Found a huge runed gate.
 53691 | Depths:2 | Found a huge runed gate.
 53691 | Depths:2 | Found a huge runed gate.
 53691 | Depths:2 | Found a huge runed gate.
 53691 | Depths:2 | Found a huge runed gate.
 53691 | Depths:2 | Found a huge runed gate.
 53691 | Depths:2 | Found a huge runed gate.
 53691 | Depths:2 | Found a huge runed gate.
 53691 | Depths:2 | Found a huge runed gate.
 53691 | Depths:2 | Found a huge runed gate.
 53691 | Depths:2 | Found a huge runed gate.
 53691 | Depths:2 | Found a huge runed gate.
 53691 | Depths:2 | Found a huge runed gate.
 53691 | Depths:2 | Found a huge runed gate.
 53691 | Depths:2 | Found a huge runed gate.
 53691 | Depths:2 | Found a huge runed gate.
 53691 | Depths:2 | Found a huge runed gate.
 53691 | Depths:2 | Found a huge runed gate.
 53691 | Depths:2 | Found a huge runed gate.
 53691 | Depths:2 | Found a huge runed gate.
 54025 | Depths:1 | Found a gateway to Hell.
 54208 | Depths:2 | Noticed Sojobo
 54213 | Depths:2 | Paralysed by an air elemental for 1 turns
 54217 | Depths:2 | Paralysed by an air elemental for 1 turns
 54377 | Depths:2 | Noticed a golden dragon
 54377 | Depths:2 | Noticed a juggernaut
 54459 | Depths:2 | Slain by a spriggan berserker
 54460 | Depths:2 | Reached XP level 20. HP: -1/95 MP: 28/39
 54692 | Depths:2 | HP: 1/95 [spriggan defender/+2 flail of protection (23)]
 54695 | Depths:2 | Mangled by a spriggan defender
 54696 | Depths:2 | Reached XP level 19. HP: -8/91 MP: 38/38
 54705 | Depths:2 | Gained mutation: You are vulnerable to cold. (rC-)
                  | [mutagenic glow]
 54895 | Depths:2 | Identified a scroll of acquirement
 54982 | Depths:1 | Mangled by an eldritch tentacle

Illustrated notes

Levels and vault maps discovered:
D:1:      onia_arrival_handbag, layout_basic
D:2:      layout_basic
D:3:      minmay_chambers_of_threes, layout_loops_corners,
          mainiacjoe_overflow_large_starburst, uniq_jessica
D:4:      layout_loops_ring, nicolae_overflow_hidden_temple, serial_demonic,
          serial_demonic_e, serial_demonic_d, serial_demonic_a, serial_demonic_d
D:5:      layout_cave_pods
D:6:      layout_basic, minmay_temple_entry_enclosed_plants,
          ebering_ghost_sewer_d, minmay_mini_ossuary, uniq_grinder, uniq_pikel
D:7:      layout_basic, ashenzari_altar_1, gammafunk_temple_overflow_wave
D:8:      minmay_statue_hallways, layout_basic,
          pdpol_wu_jian_five_deadly_venoms, david_lair_shrubbed,
          nrook_loot_triangle, minmay_the_grid_2x2 [minmay_the_grid_fan,
          minmay_the_grid_armoury, minmay_the_grid_spin_star,
          minmay_the_grid_prize_shrinking_boxes]
D:9:      layout_layer_cave
D:10:     layout_basic, zombieorc2_lemuel, minivault_11
D:11:     layout_roguey, serial_shops, nicolae_shop_waterfront
D:12:     layout_irregular_city
D:13:     layout_long_grid, david_vaults_5, gammafunk_ghost_hive,
          abandoned_shop, nicolae_uskayaw_suspiria, uniq_jorgrun, uniq_snorg
D:14:     layout_basic, kennysheep_pointless_box,
          amcnicky_mini_corridor_feature, nzn_hepliaklqana_mist_gate,
          uniq_kirke, uniq_frances, uniq_agnes
D:15:     grunt_enter_depths_magical_seal, layout_loops_cross, serial_shops,
          nicolae_shop_behind_doors, minmay_misc_feat_rows
Temple:   regret_index_temple_waves
Lair:1:   layout_long_grid, gammafunk_ghost_hydra_chop
Lair:2:   beast_lair_carwin_large_3, layout_gridlike,
          nicolae_shoals_entry_roost, spider_nest_entry_web_field,
          grunt_forest_large_clearings
Lair:3:   layout_cave_pods, wad_woods_road_05, grunt_megastairs_5
Lair:4:   layout_cave_pods, grunt_megastairs_2, uniq_nessos
Lair:5:   hangedman_lair_in_review, layout_regular_city,
          guppyfry_lair_end_dragon, slime_entry_2, infiniplex_staircase_pool
Shoals:1: layout_shoals, nicolae_shoals_arrival_archipelago
Shoals:2: layout_shoals, nicolae_shoals_kraken_party, uniq_ilsuiw,
          uniq_polyphemus
Shoals:3: layout_shoals, serial_shops, shop, uniq_nikola
Shoals:4: shoals_end_simple, layout_shoals, serial_shops, shop, shop, shop,
          serial_nicolae_subway, nicolae_sub_station_crystal,
          nicolae_sub_station_metal, nicolae_sub_station_stone
Spider:1: layout_spider_delve
Spider:2: layout_spider_delve, nicolae_spider_orb_run
Spider:3: layout_spider_delve, portal_ice_cave_entry_pillars_three,
          nicolae_spider_solar_radiation, uniq_arachne
Spider:4: hellmonk_spider_rune_bug_friends, einodemon_crawler_minivault,
          uniq_aizul
Orc:1:    layout_caves, uniq_fannar
Orc:2:    grunt_orc_gardens, layout_caves, grunt_orc_garden, grunt_orc_garden,
          grunt_orc_garden, grunt_orc_garden, serial_shops,
          nicolae_diamond_shop, guppyfry_orc_lava_fort
Elf:1:    elf_arrival_001, layout_gridlike, serial_shops, statue_bzr,
          nicolae_shop_crystal, nicolae_shop_tiny_statue_garden, shop,
          minmay_elf_demonology, st_stairs_2, minivault_28
Elf:2:    nicolae_elf_blades_crystal_corner, layout_geoelf_diagonals,
          gammafunk_ghost_arena, guppyfry_elf_lava
Elf:3:    minmay_elf_hall_four_x, layout_gridlike, serial_shops, shop, shop,
          nicolae_shop_trees, nicolae_shop_rolled_up, uniq_bai_suzhen
Vaults:1: nicolae_vaults_diamond_2, v_rooms_6, ontoclasm_vaults_pinch,
          nicolae_vaults_meeting, nicolae_vaults_trapezoid_1,
          hangedman_vaults_stitches, v_rooms_6, nicolae_vaults_apartment_2,
          v_misc_27, nicolae_vaults_heart-shaped_vault,
          grunt_vaults_hallway_short, dpeg_vaults_monster_box,
          layout_vaults_omnicross
Vaults:2: nicolae_vaults_six-pack, grunt_vaults_twisty, v_rooms_5,
          nicolae_vaults_doubleplus_tesselated, vaults_room_pools,
          minmay_crypt_entry_simple_corners, nicolae_vaults_network_s,
          nicolae_vaults_storage_room_doors, nicolae_vaults_murder_corner,
          nicolae_vaults_shelves_hall, hangedman_vaults_capsules,
          layout_vaults_omnigrid
Vaults:3: nicolae_vaults_door_testing_chamber, nicolae_vaults_six-pack,
          nicolae_vaults_specimen_jars, nicolae_vaults_meiosis,
          nicolae_vaults_closet_pinwheel_4, nicolae_vaults_circle_grid_b,
          vaults_room_hallway, vaults_dpeg_hooks, nicolae_vaults_what_the_h,
          grunt_vaults_diagonal, nicolae_vaults_tetromino_T_1,
          nicolae_vaults_offset_grid_hallway_1, nicolae_vaults_little_squares_2,
          vaults_room_hallway, nicolae_vaults_storage_closets_1,
          layout_vaults_maze_snakey, nicolae_trove_entry_isolated
Vaults:4: hangedman_vaults_maws, nicolae_vaults_heart-shaped_vault, v_pattern_4,
          nicolae_vaults_quadrants, ontoclasm_vaults_tryst, vaults_mumra_hex,
          nicolae_vaults_tetromino_Z_2, ontoclasm_vaults_eye,
          nicolae_vaults_three_branches, nicolae_vaults_offset_grid_hallway_2,
          vaults_room_semicircle, nicolae_vaults_trapezoid_4,
          ontoclasm_vaults_shuriken, nicolae_vaults_house_3,
          nicolae_vaults_shelves_hall, layout_vaults_omnibox
Depths:1: layout_cave_pools, kennysheep_cross_bottleneck,
          marbit_kobold_abyss_entry, rand_demon_pan_entry_8,
          grunt_hell_entry_dis_old, kennysheep_generic_room_15
Depths:2: minmay_imperfect_grid, layout_basic, pf_hell_entry_great_geh,
          grunt_pan_entry_zigzag, hex_tiny, reverse_door_vault, uniq_sojobo
Depths:3: kennysheep_large_vault, layout_gridlike, wad_floor_pattern_1,
          pf_coc_iceberg, abyss_entry, nicolae_titane

Skill      XL: |  1  2  3  4  5  6  7  8  9 10 11 12 13 14 15 16 17 18 19 20 21 |
---------------+----------------------------------------------------------------+-----
Spellcasting   | 3 4 5 6 7 8 10 11 12 13 14 | 14.0
Summonings     | 5 6 7 8 10 13 14 15 17 | 17.8
Hexes          | 1 2 3 5 |  5.0
Dodging        | 3 4 5 6 8 9 11 14 16 17 18 | 18.0
Fighting       | 2 3 4 6 7 8 11 13 14 | 14.1
Air Magic      | 1 3 4 6 7 9 13 | 13.0
Transmutations | 3 9 12 13 14 15 18 | 18.0
Evocations     | 3 4 |  4.0
Earth Magic    | 6 7 8 |  8.0
Translocations | 12 15 16 17 18 | 18.0
Unarmed Combat | 7 8 10 11 | 11.2
Stealth        | 5 |  5.0

Action                     |  1- 3 |  4- 6 |  7- 9 | 10-12 | 13-15 | 16-18 | 19-21 || total
---------------------------+-------+-------+-------+-------+-------+-------+-------++-------
  Melee: Unarmed           |    33 |    46 |    44 |    62 |   336 |   559 |   424 ||  1504
         Bite              |     4 |     7 |    10 |    17 |    60 |   126 |    42 ||   266
         Punch             |     1 |       |       |     2 |     5 |    21 |    33 ||    62
   Cast: Summon Small Mamm |    19 |     7 |     4 |     2 |     5 |       |       ||    37
         Call Imp          |    10 |    11 |    27 |    27 |    47 |     2 |       ||   124
         Call Canine Famil |     3 |    19 |    40 |    61 |   181 |   147 |    36 ||   487
         Summon Guardian G |       |     3 |    27 |    44 |   130 |    80 |    32 ||   316
         Summon Lightning  |       |       |     1 |    55 |   191 |   143 |   106 ||   496
         Statue Form       |       |       |       |       |     8 |    97 |    52 ||   157
         Tukima's Dance    |       |       |       |       |    21 |     6 |       ||    27
         Wereblood         |       |       |       |       |     1 |     1 |     7 ||     9
         Swiftness         |       |       |       |       |     1 |     5 |     2 ||     8
         Malign Gateway    |       |       |       |       |       |    91 |    66 ||   157
         Passage of Golubr |       |       |       |       |       |     5 |     9 ||    14
         Summon Forest     |       |       |       |       |       |     2 |    82 ||    84
         Manifold Assault  |       |       |       |       |       |       |    88 ||    88
         Blink             |       |       |       |       |       |       |     6 ||     6
         Storm Form        |       |       |       |       |       |       |    36 ||    36
 Invoke: Call Merchant     |       |       |       |     2 |     2 |     2 |       ||     6
         Potion Petition   |       |       |       |       |       |     2 |       ||     2
Ability: End Transformatio |       |       |       |       |     1 |     6 |    14 ||    21
  Evoke: Wand              |       |       |       |     5 |     6 |    34 |     6 ||    51
         Condenser vane    |       |       |       |       |     2 |     3 |     2 ||     7
         Box of beasts     |       |       |       |       |     1 |     3 |     1 ||     5
         Phantom mirror    |       |       |       |       |       |     1 |       ||     1
         Phial of floods   |       |       |       |       |       |       |     1 ||     1
    Use: Scroll            |     6 |     4 |     3 |    10 |    15 |     9 |    12 ||    59
         Potion            |       |       |       |     1 |     2 |    12 |     4 ||    19
   Stab: Sleeping          |     6 |     3 |     2 |       |     2 |     1 |       ||    14
         Distracted        |       |       |     2 |     1 |     8 |    22 |     8 ||    41
         Betrayed ally     |       |       |       |     1 |       |       |       ||     1
 Armour: Skin              |     2 |     3 |     1 |     6 |    73 |   338 |   111 ||   534
  Dodge: Dodged            |    26 |    45 |    63 |   134 |   902 |  1989 |   650 ||  3809

Table legend: (Time is in decaauts)
 A = Elapsed time spent in this place.
 B = Non-inter-level travel time spent in this place.
 C = Inter-level travel time spent in this place.
 D = Time resting spent in this place.
 E = Time spent auto-exploring this place.
 F = Levels seen in this place.
 G = Mean time per level.
                   A        B        C        D        E       F      G
               +--------+--------+--------+--------+--------+-----+--------+
         Total |  52090 |  45672 |   6418 |   5780 |   1646 |  43 | 1211.4 |
       Dungeon |  13789 |  11417 |   2372 |    654 |   1063 |  15 |  919.3 |
        Temple |    103 |     94 |      9 |      0 |     62 |   1 |  103.0 |
          Lair |   8003 |   6526 |   1477 |    886 |     45 |   5 | 1600.6 |
        Shoals |   4944 |   4678 |    266 |    714 |      0 |   4 | 1236.0 |
   Spider Nest |   7373 |   6925 |    448 |   1509 |    261 |   4 | 1843.2 |
  Orcish Mines |   2608 |   2383 |    225 |    433 |     38 |   2 | 1304.0 |
   Elven Halls |   6065 |   5679 |    386 |    877 |     52 |   3 | 2021.7 |
        Vaults |   6769 |   5803 |    966 |    433 |    122 |   4 | 1692.2 |
        Depths |   2278 |   2013 |    265 |    272 |      0 |   3 |  759.3 |
        Bazaar |    124 |    124 |      0 |      0 |      0 |   1 |  124.0 |
      Ice Cave |     29 |     29 |      0 |      0 |      0 |   1 |   29.0 |
               +--------+--------+--------+--------+--------+-----+--------+

Top non-repeatable levels by time:
Spider:3: 2428 daAuts
  Lair:5: 2415 daAuts
   Elf:3: 2329 daAuts
Vaults:1: 2119 daAuts
     D:8: 2075 daAuts
Spider:4: 2075 daAuts
Vaults:2: 1885 daAuts
   Elf:1: 1870 daAuts
   Elf:2: 1866 daAuts
  Lair:2: 1722 daAuts
Spider:1: 1705 daAuts
Shoals:2: 1695 daAuts
  Lair:1: 1691 daAuts
Depths:1: 1687 daAuts
Shoals:4: 1522 daAuts
